 Dungeon Crawl Stone Soup version 0.29.1-13-g9f3cf754e1 (webtiles) character file.

Game seed: 9759779581958146985

649 bjubeck the Covered (level 7, -2/62 HPs)
             Began as a Minotaur Fighter on Feb 1, 2023.
             Was an Initiate of Okawaru.
             Slain by a water moccasin (3 damage)
             ... on level 4 of the Dungeon.
             The game lasted 00:12:07 (4584 turns).

bjubeck the Covered (Minotaur Fighter)              Turns: 4584, Time: 00:12:08

Health: -2/62      AC:  7    Str: 23    XL:     7   Next: 28%
Magic:  0/6        EV:  9    Int:  5    God:    Okawaru [......]
Gold:   226        SH:  5    Dex: 15    Spells: 6/6 levels left

rFire   . . .      SeeInvis .   n - +3 hand axe
rCold   . . .      Faith    .   c - +0 buckler
rNeg    . . .      Spirit   +   b - +0 scale mail
rPois   .          Reflect  .   (helmet restricted)
rElec   .          Harm     .   q - scarf {repulsion}
rCorr   .          Rampage  .   (no gloves)
Will    .....                   (no boots)
Stlth   ..........              w - amulet of guardian spirit
HPRegen 0.20/turn               t - +6 ring of dexterity
MPRegen 0.10/turn               (no ring)

@: repel missiles
A: horns 2, retaliatory headbutt
a: Renounce Religion


You were on level 4 of the Dungeon.
You worshipped Okawaru.
Okawaru was noncommittal.
You visited 1 branch of the dungeon, and saw 5 of its levels.

You collected 226 gold pieces.

Inventory:

Hand Weapons
 a - a +0 war axe
 n - a +3 hand axe (weapon)
Armour
 b - a +0 scale mail (worn)
 c - a +0 buckler (worn)
 q - a scarf of repulsion (worn)
Jewellery
 t - a +6 ring of dexterity (left hand)
 u - a ring of willpower
 w - an amulet of guardian spirit (around neck)
Scrolls
 e - a scroll of blinking {unknown}
 f - a scroll of enchant armour {unknown}
 g - a scroll of silence {unknown}
 h - 3 scrolls of identify {unknown}
 j - a scroll of butterflies {unknown}
 k - a scroll of enchant weapon {unknown}
 l - 2 scrolls of teleportation {unknown}
 r - a scroll of fear {unknown}
 s - a scroll of amnesia {unknown}
 x - a scroll of vulnerability {unknown}
Potions
 d - a potion of might
 i - a potion of degeneration {unknown}
 m - 2 potions of curing
 o - a potion of mutation {unknown}
 p - a potion of cancellation
 v - a potion of berserk rage {unknown}


   Skills:
 + Level 5.9 Fighting
 + Level 5.3 Axes
 + Level 6.0 Armour
 + Level 5.9 Shields


You had 6 spell levels left.
You didn't know any spells.
Your spell library contained the following spells:

 Spells                   Type           Power      Damage    Failure   Level
 Blink                    Tloc           0%         N/A       94%         2
 Frozen Ramparts          Ice            0%         1d1       99%         3
 Lesser Beckoning         Tloc           0%         N/A       99%         3
 Ice Form                 Ice/Tmut       0%         N/A       100%        4
 Manifold Assault         Tloc           0%         N/A       100%        5
 Summon Ice Beast         Ice/Summ       Unusable   N/A       N/A         4

Dungeon Overview and Level Annotations

Branches:
Dungeon (5/15)
 Temple: D:4-7

Altars:
Cheibriados
Nemelex Xobeh
Okawaru
Uskayaw
Wu Jian

Annotations:
D:5 Menkaure


Innate Abilities, Weirdness & Mutations

You have a pair of horns on your head.
You reflexively headbutt those who attack you in melee.


Message History

You see here a +0 plate armour.
Menkaure calls on the powers of darkness!
Your body is wracked with pain!
* * * LOW HITPOINT WARNING * * *
A white imp and a howler monkey come into view.
The white imp shouts!
The howler monkey howls!
Menkaure calls on the powers of darkness!
Your body is wracked with pain!
* * * LOW HITPOINT WARNING * * *
A water moccasin comes into view.
The water moccasin hisses angrily.
The howler monkey hoots and howls with incredible vigour!
You hear a shout! x2; You hear an angry growl.
The white imp gestures at you. The puff of frost hits you.
* * * LOW HITPOINT WARNING * * *
A phantom comes into view.
The howler monkey hoots and howls with incredible vigour!
Found a scroll labelled TEUPRU XUEJ.
Found 6 stones.
An orc comes into view.
It is wielding a +0 mace and carrying a wand of iceblast (10).
There is an escape hatch in the ceiling here.
You can't go down here!
The water moccasin barely misses you. You furiously retaliate!
You headbutt the water moccasin, but do no damage.
The phantom hits you but does no damage.
A mysterious force pulls you upwards. The hatch slams shut behind you.
The phantom attacks as you move away!
The phantom hits you but does no damage.
The water moccasin attacks as you move away!
The water moccasin closely misses you. The water moccasin bites you.
* * * LOW HITPOINT WARNING * * *
Okay, then.
The water moccasin attacks as you move away!
The water moccasin barely misses you.
It was a potion of cancellation.
You feel magically purged. The water moccasin bites you.
* * * LOW HITPOINT WARNING * * *
The water moccasin bites you.
You die...

............#.#.............#..
...........#._.#............#..
............#.#.............#..
###+#####'#....#.....####.##+##..
.......#.............##.....##...
.......#........#...#............
.......#........#..#......≈§...#.
###..###.#####+##S.#..♣♣..≈§§..##
###..###'#......@W#...♣♣........#
.+....#..#........#.............#
.#....#..'..............._..##...
.#....#..#.....[..#..≈≈.....##..#
.#....#..#........#..≈≈.........#
##'#######.........#.....##....##
............######+#.....##....#.
............# ......#.........#..
............# .......##.....##...


You could see a water moccasin and a phantom.

Vanquished Creatures
  Eustachio (D:4)
  2 phantoms (D:5)
  3 jellies (D:2)
  Ijyb (D:3)
  Terence (D:2)
  Robin (D:3)
  5 gnolls
  2 adders
  A white imp (D:5)
  2 worms (D:3)
  4 dart slugs
  6 orcs (D:3)
  2 ball pythons
  8 bats
  16 endoplasms
  A giant cockroach (D:4)
  12 hobgoblins
  A quokka (D:2)
  2 frilled lizards
  18 goblins
  12 kobolds
  8 rats
109 creatures vanquished.

Vanquished Creatures (others)
  A fungus (D:2)
  11 toadstools (D:2)
  2 withered plants (D:1)
14 creatures vanquished.

Grand Total: 123 creatures vanquished

Notes
Turn   | Place    | Note
-------+----------+-------------------------------------------
     0 | D:1      | bjubeck the Minotaur Fighter began the quest for the Orb.
     0 | D:1      | Reached XP level 1. HP: 19/19 MP: 0/0
   110 | D:1      | Reached XP level 2. HP: 27/27 MP: 1/1
   252 | D:1      | Found a faded altar of an unknown god.
   527 | D:1      | Reached skill level 4 in Armour
   528 | D:1      | Reached XP level 3. HP: 21/33 MP: 2/2
   810 | D:2      | Found a sparkling altar of Nemelex Xobeh.
   949 | D:2      | Noticed Terence
   958 | D:2      | Killed Terence
   959 | D:2      | Reached XP level 4. HP: 24/40 MP: 3/3
  1355 | D:2      | Reached XP level 5. HP: 11/47 MP: 4/4
  2050 | D:3      | Reached skill level 5 in Shields
  2053 | D:3      | Reached skill level 5 in Armour
  2056 | D:3      | Reached skill level 5 in Fighting
  2172 | D:3      | Noticed Robin
  2182 | D:3      | Killed Robin
  2394 | D:3      | Reached XP level 6. HP: 56/56 MP: 5/5
  2935 | D:3      | Noticed Ijyb
  2941 | D:3      | Paralysed by Ijyb for 3 turns
  2949 | D:3      | Paralysed by Ijyb for 3 turns
  2956 | D:3      | Killed Ijyb
  3336 | D:4      | Found an ornate altar of the Wu Jian Council.
  3494 | D:4      | Noticed Eustachio
  4215 | D:4      | Killed Eustachio
  4321 | D:4      | Found an iron altar of Okawaru.
  4330 | D:4      | Became a worshipper of Warmaster Okawaru
  4416 | D:4      | You fall into a shaft and drop 1 floor!
  4416 | D:5      | Entered Level 5 of the Dungeon
  4433 | D:5      | Reached skill level 5 in Axes
  4439 | D:5      | Found a hide-covered altar of Uskayaw.
  4439 | D:5      | Noticed a +0 hand axe
  4439 | D:5      | Noticed a +0 hand axe
  4442 | D:5      | Reached XP level 7. HP: 55/62 MP: 6/6
  4476 | D:5      | Reached skill level 6 in Armour
  4545 | D:5      | Found a snail-covered altar of Cheibriados.
  4546 | D:5      | Noticed Menkaure
  4584 | D:4      | HP: 1/62 [water moccasin (3)]
  4584 | D:4      | Slain by a water moccasin

Illustrated notes

Levels and vault maps discovered:
D:1:      mrwooster_arrival_arrow, layout_loops_cross,
          ebering_ecumenical_altar_petrified, ebering_dispersal_statue_hall,
          minmay_hexomino_p4
D:2:      cheibrodos_fertilizer, layout_basic, basic_altar, uniq_terence
D:3:      layout_basic, st_stairs_11, uniq_ijyb, uniq_robin
D:4:      layout_gridville, okawaru_metal_pillars_3,
          nicolae_wu_jian_wuxing_cycle, uniq_eustachio
D:5:      layout_basic, kennysheep_slug_shrine, dancing_weapons_uskayaw,
          gammafunk_ghost_icy, gup_sewer_entry_bowl, moated_statue,
          minmay_diced_spiral, uniq_menkaure

Skill      XL: |  1  2  3  4  5  6  7 |
---------------+----------------------+-----
Fighting       | 4 5 |  5.9
Axes           | 3 4 5 |  5.3
Armour         | 4 5 6 |  6.0
Shields        | 4 5 |  5.9

Action                   |  1- 3 |  4- 6 |  7- 9 || total
-------------------------+-------+-------+-------++-------
Melee: War axe           |    56 |       |       ||    56
       Headbutt          |     8 |    44 |     3 ||    55
       Hand axe          |       |   224 |    14 ||   238
  Use: Potion            |       |       |     2 ||     2
Armor: Scale mail        |    23 |    87 |     2 ||   112
Dodge: Dodged            |    30 |    74 |     7 ||   111
       Repelled          |       |     1 |     1 ||     2
Block: Buckler           |    17 |    43 |     2 ||    62
